 Dungeon Sprint DCSS version 0.14-a0-3545-g7d9ef9c (webtiles) character file.

22 Froboctopus the Vexing (level 2, -1/19 HPs)
             Began as a Vampire Enchanter on Mar 28, 2014.
             Shot with an arrow by an elf (7 damage)
             ... in the Dungeon (Sprint III: "The Ten Rune Challenge").
             The game lasted 00:01:17 (331 turns).

Froboctopus the Vexing (Vampire Enchanter)           Turns: 331, Time: 00:01:17

HP  -1/19        AC  4     Str  7      XL: 2   Next: 68%
MP   3/5         EV 12     Int 17      God:
Gold 0           SH  0     Dex 14      Spells:  2 memorised,  3 levels left

rFire  . . .     SeeInvis +     a - +1 dagger
rCold  . . .     Clarity  .     b - +2 robe
rNeg   + . .     Conserve .     (no shield)
rPois  .         rCorr    .     (no helmet)
rElec  .         rRot     .     (no cloak)
SustAb . .       Spirit   .     (no gloves)
rMut   .         Warding  .     (no boots)
Saprov . . .     NoTele   +     (no amulet)
MR     .....                    (no ring)
                                (no ring)

@: not resistant to hostile enchantments, quite stealthy
A: fangs 3, see invisible, unbreathing
a: no special abilities


You were in the Dungeon.
You were not thirsty.

You visited 1 branch

Inventory:

Hand weapons
 a - a +1,+1 dagger (weapon)
Missiles
 d - 12 darts (quivered)
Armour
 b - a +2 robe (worn)
Scrolls
 k - a scroll of blinking
Potions
 e - a potion of blood
 f - a potion of curing
 g - a potion of heal wounds
 h - a potion of haste
 i - 2 potions of magic
 j - a potion of berserk rage
Books
 c - a book of Maledictions

   Spells                             Type                      Level
   *Corona                            Hexes                        1
   Sure Blade                         Hexes/Charms                 2
   *Ensorcelled Hibernation           Hexes/Ice                    2
   Confuse                            Hexes                        3
   Enslavement                        Hexes                        4
   Invisibility                       Hexes                        6


   Skills:
 * Level 3.8 Short Blades
 - Level 0.7 Throwing
 - Level 2.1 Dodging
 + Level 5.0 Stealth
 + Level 2.9 Spellcasting
 + Level 5.5 Hexes


You had 3 spell levels left.
You knew the following spells:

 Your Spells              Type           Power        Failure   Level  Hunger
a - Corona                Hex            ###....      1%          1    None
b - Ensorcelled Hibernat  Hex/Ice        ##....       10%         2    ##.....


Dungeon Overview and Level Annotations

Branches:
Dungeon (1/1)

Altars:


Innate Abilities, Weirdness & Mutations

You have razor-sharp teeth.
You have supernaturally acute eyesight.
You can survive without breathing.


Message History

You impale the elf!!
The elf is almost dead.
The elf barely misses you.
The elf unwields an uncursed long sword.
The elf wields a bow.
The elf shoots an arrow.
The arrow hits you!
You see here an arrow.
The elf shoots an arrow.
The arrow hits you!
You see here an arrow.
The elf shoots an arrow.
The arrow hits you!
You see here an arrow.
Casting: Corona
Confirm with . or Enter, or press ? or * to list all spells.
Aiming: Ensorcelled Hibernation
Press: ? - help, Shift-Dir - straight line, f - elf
Aim: an elf, wielding a bow and wearing a runed leather armour (almost dead)
The elf resists with significant effort.
The elf shoots an arrow.
The arrow hits you!
You see here 2 arrows.
The elf shoots an arrow.
The arrow hits you!
You die...

▓.....#....≈.♣♣♣♣.# *+ +***+*
▓.....#...≈≈♣.♣♣..#,,,,,, ,,
▓.....#..≈≈≈≈.♣...+,⌠,,,, ,,,
▓####)#..≈≈≈≈≈≈.♣.# ,,*** **+
▓.....#.≈≈≈≈≈≈....#,⌠ *,,*,,,
▓.....#.≈≈≈≈≈.....#, ,*__*,,,
▓.....#.≈≈≈.......#+***_,* ,,
▓'#####.......e...#,,,*_,*,,,
▓.........((@(....#___*,,+,,,
▓▓▓▓▓▓▓▓▓▓▓▓▓▓▓▓▓▓▓**********
*,,,+≈≈≈,≈≈≈≈,**,,,,,****≈≈≈
*,, *,≈≈≈≈≈≈≈≈** ≈≈≈≈+** *≈≈
*, ,*,≈≈≈,≈≈,≈≈+ ,,,,*,≈****
*,,, ≈≈≈≈,≈≈≈≈********,,****
*,,,*≈≈≈≈,≈, ≈**********+***
***+****+***************,**,
*,,,,,,,,,,,,, ,*****,,,**,*


You could see an elf.

Vanquished Creatures
  Jessica (D)
  2 oozes (D)
  A rat (D)
4 creatures vanquished.

Vanquished Creatures (others)
  A draconian scorcher (D)
  3 plants (D)
4 creatures vanquished.

Grand Total: 8 creatures vanquished

Notes
Turn   | Place    | Note
--------------------------------------------------------------
     0 | D        | Froboctopus, the Vampire Enchanter, began the quest for the Orb.
     0 | D        | Reached XP level 1. HP: 13/13 MP: 3/3
   162 | D        | Noticed Jessica
   173 | D        | Killed Jessica
   173 | D        | Reached skill level 5 in Stealth
   173 | D        | Reached skill level 5 in Hexes
   173 | D        | Reached XP level 2. HP: 11/19 MP: 3/5
   177 | D        | Learned a level 2 spell: Ensorcelled Hibernation
   242 | D        | Killed a white draconian scorcher
   331 | D        | Shot with an arrow by an elf

Action                   || total
-------------------------++-------
Melee: Dagger            ||    16
 Cast: Corona            ||     1
       Ensorcelled Hiber ||     1
  Use: Scroll            ||     2
 Stab: Sleeping          ||     2
